 Dungeon Crawl Stone Soup version 0.29.1-1-gd02db6906a (console) character file.

Game seed: 3578223383043614517

2 sentinel the Digger (level 1, 14/14 HPs)
             Began as a Meteoran Earth Elementalist on Oct 13, 2022.
             Quit the game on level 1 of the Dungeon.
             The game lasted 00:00:05 (240 turns).

sentinel the Digger (Meteoran Earth Elementalist)    Turns: 240, Time: 00:00:05

Health: 14/14      AC:  2    Str:  9    XL:     1   Next: 42%
Magic:  5/5        EV: 12    Int: 16    God:
Gold:   0          SH:  0    Dex: 14    Spells: 4/5 levels left

rFire   . . .      SeeInvis .   (no weapon)
rCold   . . .      Faith    .   (no shield)
rNeg    . . .      Spirit   .   a - +0 robe
rPois   .          Reflect  .   (no helmet)
rElec   .          Harm     .   (no cloak)
rCorr   .          Rampage  .   (no gloves)
Will    .....                   (no boots)
Stlth   +.........              (no amulet)
HPRegen 0.04/turn               (no ring)
MPRegen 0.09/turn               (no ring)

@: glowing
A: sense surroundings 1, otherworldly, glowing, explore regen
a: no special abilities


You were on level 1 of the Dungeon.
You visited 1 branch of the dungeon, and saw 1 of its levels.

Inventory:

Armour
 a - a +0 robe (worn)
Potions
 b - a potion of magic
 c - a potion of brilliance {unknown}
 d - a potion of attraction {unknown}


   Skills:
 - Level 2.4 Dodging
 - Level 1.4 Stealth
 - Level 2.6 Spellcasting
 - Level 1.2 Transmutations
 + Level 3.8 Earth Magic


You had 4 spell levels left.
You knew the following spells:

 Your Spells              Type           Power      Damage    Failure   Level
a - Sandblast             Erth           28%        2d8       4%          1

Your spell library contained the following spells:

 Spells                   Type           Power      Damage    Failure   Level
 Passwall                 Tmut/Erth      8%         N/A       11%         2
 Stone Arrow              Conj/Erth      16%        3d8       26%         3
 Petrify                  Tmut/Erth      10%        N/A       56%         4


Dungeon Overview and Level Annotations

Branches:
Dungeon (1/15) Zot: 359

Altars:


Innate Abilities, Weirdness & Mutations

You passively map a small area around you.
You are easily found by Zot.
You glow in the dark.
You regain HP and MP as you explore.


Message History

There is an open door here.
There is an open door here.
There is an open door here.
There is an open door here.
There is an open door here.
There is an open door here.
There is an open door here.
Found an escape hatch in the floor.
Unknown command.
d - a fuming black potion Unknown command.
You open the door.
A kobold and a rat come into view.
Found a chain mail.
Unknown command.
The blast of sand hits the rat.
You kill the rat!
The kobold throws a stone.
The stone hits you but does no damage.
You miscast Sandblast.
You are very lightly contaminated with residual magic.
Nothing appears to happen.
The kobold throws a stone.
The stone misses you.
The blast of sand hits the kobold!
You kill the kobold!
Unknown command.
You can't see any susceptible monsters within range! (Use Z to cast anyway.) Unknown command.
You can't see any susceptible monsters within range! (Use Z to cast anyway.) Unknown command.
You can't see any susceptible monsters within range! (Use Z to cast anyway.) Unknown command.
No target in view!
No target in view!
You can't see any susceptible monsters within range! (Use Z to cast anyway.) Unknown command.
You can't see any susceptible monsters within range! (Use Z to cast anyway.) Unknown command.
You can't see any susceptible monsters within range! (Use Z to cast anyway.) Unknown command.
You can't see any susceptible monsters within range! (Use Z to cast anyway.) Unknown command.
No target in view!
No target in view!
You can't see any susceptible monsters within range! (Use Z to cast anyway.) Unknown command.
You can't see any susceptible monsters within range! (Use Z to cast anyway.) Unknown command.
You can't see any susceptible monsters within range! (Use Z to cast anyway.) Unknown command.
You can't see any susceptible monsters within range! (Use Z to cast anyway.) Unknown command.
You start waiting.
Your magical contamination has completely faded away.
Unknown command.
There is an open door here.
Magic restored.
You see here a +0 chain mail.
A rat comes into view.
Found a faded altar of an unknown god.
Unknown command.
But you're not safe!
Unknown command.
But you're not safe!
Unknown command.
But you're not safe!
Unknown command.
Your line of fire to the rat is blocked by a withered plant.
Your line of fire to the rat is blocked by a withered plant.
Your line of fire to the rat is blocked by a withered plant.
Unknown command.
Your line of fire to the rat is blocked by a withered plant.
Unknown command.
Your line of fire to the rat is blocked by a withered plant.
Unknown command.
Your line of fire to the rat is blocked by a withered plant.
Unknown command.
Your line of fire to the rat is blocked by a withered plant.
Your line of fire to the rat is blocked by a withered plant.
Your line of fire to the rat is blocked by a withered plant.
Unknown command.
Your line of fire to the rat is blocked by a withered plant.
Unknown command.
Your line of fire to the rat is blocked by a withered plant.
Unknown command.
Your line of fire to the rat is blocked by a withered plant.
Unknown command.
Your line of fire to the rat is blocked by a withered plant.
Your line of fire to the rat is blocked by a withered plant.
Your line of fire to the rat is blocked by a withered plant.
Unknown command.
Your line of fire to the rat is blocked by a withered plant.
Unknown command.
Your line of fire to the rat is blocked by a withered plant.
Unknown command.
Your line of fire to the rat is blocked by a withered plant.
Unknown command.
But you're not safe!
Unknown command.
But you're not safe!
Unknown command.
But you're not safe!
Unknown command.
But you're not safe!
Unknown command.
But you're not safe!
Unknown command.
Your line of fire to the rat is blocked by a withered plant.
Your line of fire to the rat is blocked by a withered plant.
Your line of fire to the rat is blocked by a withered plant.
Unknown command.
Your line of fire to the rat is blocked by a withered plant.
Unknown command.
Your line of fire to the rat is blocked by a withered plant.
Unknown command.
Your line of fire to the rat is blocked by a withered plant.
Unknown command.
Your line of fire to the rat is blocked by a withered plant.
Your line of fire to the rat is blocked by a withered plant.
Your line of fire to the rat is blocked by a withered plant.
Unknown command.
Your line of fire to the rat is blocked by a withered plant.
Unknown command.
Your line of fire to the rat is blocked by a withered plant.
Unknown command.
Your line of fire to the rat is blocked by a withered plant.
Unknown command.
Your line of fire to the rat is blocked by a withered plant.
Your line of fire to the rat is blocked by a withered plant.
Your line of fire to the rat is blocked by a withered plant.
Unknown command.
Your line of fire to the rat is blocked by a withered plant.
Unknown command.
Your line of fire to the rat is blocked by a withered plant.
Unknown command.
Your line of fire to the rat is blocked by a withered plant.
Unknown command.
But you're not safe!
Unknown command.
But you're not safe!
Unknown command.
But you're not safe!
Unknown command.
But you're not safe!
Unknown command.
But you're not safe!
Unknown command.
Unknown command.
Unknown command.
Unknown command.
Unknown command.
Are you sure you want to abandon this character and quit the game? (Confirm with "yes".)

#.....[†######.... ,
#.......# ##### * ,.,
#....##########... #_
*##..######........ P..
,#..###..........≈≈ ....
#.##......≈≈≈≈≈≈≈≈ ....r
#.#....≈≈≈≈≈≈≈≈≈≈≈
.PP..P#.#.≈≈≈≈≈≈#≈≈≈≈≈≈#
, , #.@#≈.≈#≈≈≈#≈≈≈≈###
#..#≈.≈#≈≈≈#≈≈≈## , ,
,#..#.≈≈#≈≈≈#≈≈≈#, ,
...#.≈≈#≈≈≈#≈≈≈#, ,
.#..#.≈≈#≈≈≈#≈≈≈# , *
..+..#...#...#...#
..,##.#...'...'...####
#.. ..#####...#...##.#
** , #..###..#...'...


You could see a rat (asleep).

Vanquished Creatures
  A kobold (D:1)
  A rat (D:1)
2 creatures vanquished.

Notes
Turn   | Place    | Note
-------+----------+-------------------------------------------
     0 | D:1      | sentinel the Meteoran Earth Elementalist began the quest
                  | for the Orb.
     0 | D:1      | Reached XP level 1. HP: 14/14 MP: 5/5
   239 | D:1      | Found a faded altar of an unknown god.
   240 | D:1      | Quit the game

Illustrated notes

Levels and vault maps discovered:
D:1:      dpeg_arrival_water_fire, layout_basic, shapermc_ecumenical_altar_gd,
          kennysheep_decorative_pillar, nrook_campfire

Action                   || total
-------------------------++-------
 Cast: Sandblast         ||     2
Armor: Robe              ||     1
Dodge: Dodged            ||     1
